 Dungeon Crawl Stone Soup version 0.19.1 (webtiles) character file.

184 KingBobo974 the Sneak (level 5, 0/37 HPs)
             Began as a Spriggan Assassin on Dec 12, 2016.
             Was an Initiate of Dithmenos.
             Succumbed to a worker ant's poison
             ... on level 4 of the Dungeon.
             The game lasted 00:11:40 (2943 turns).

KingBobo974 the Sneak (Spriggan Assassin)           Turns: 2943, Time: 00:11:40

Health: 0/37       AC: 22    Str: 11    XL:     5   Next: 36%
Magic:  6/6        EV:  4    Int: 13    God:    Dithmenos [......]
Gold:   117        SH:  5    Dex: 18    Spells: 0 memorised, 4 levels left

rFire  . . .     SeeInvis +     a - +2 dagger
rCold  . . .     Gourm    .     (armour currently unavailable)
rNeg   + + +     Faith    .     i - +0 buckler
rPois  +         Spirit   .     (helmet currently unavailable)
rElec  .         Reflect  .     (cloak currently unavailable)
rCorr  .         Harm     .     (gloves unavailable)
MR     +....     NoTele   +     (boots unavailable)
Stlth  ++++......               (no amulet)
                                v - ring of protection from magic
                                t - +4 ring of strength

@: lethally poisoned (0 -> -4), tree-form
A: unfitting armour, see invisible, herbivore 3, (speed 0), slow metabolism 2
a: Renounce Religion


You were on level 4 of the Dungeon.
You worshipped Dithmenos.
Dithmenos was noncommittal.
You were not hungry.
You were a tree.
You visited 2 branches of the dungeon, and saw 5 of its levels.

You collected 117 gold pieces.

Inventory:

Hand Weapons
 a - a +2 dagger (weapon)
 b - a +0 blowgun
 o - a +0 hunting sling
 s - a +1 hunting sling of flaming
 u - a +0 short sword
Missiles
 e - 33 poisoned needles
 f - 2 curare-tipped needles
Armour
 c - a +0 robe (melded)
 d - a +0 cloak (melded)
 i - a +0 buckler (worn)
 k - a +0 cloak
Jewellery
 t - a +4 ring of strength (left branch)
 v - a ring of protection from magic (right branch)
Wands
 p - a wand of disintegration (21/24)
Scrolls
 j - 2 scrolls of fear
 n - a scroll of magic mapping
 q - a scroll of amnesia
 y - 2 scrolls of enchant weapon {unknown}
Potions
 h - a potion of lignification
 m - a potion of brilliance
Comestibles
 g - 5 bread rations


   Skills:
 - Level 1.5 Fighting
 * Level 4.1 Short Blades
 - Level 2.0 Throwing
 * Level 4.3 Dodging
 * Level 7.6 Stealth


You had 4 spell levels left.
You didn't know any spells.

Dungeon Overview and Level Annotations

Branches:
Dungeon (4/15)             Temple (1/1) D:4

Altars:
Ashenzari
Cheibriados
Dithmenos
Elyvilon
Fedhas
Gozag
Hepliaklqana
Kikubaaqudgha
Makhleb
Nemelex Xobeh
Okawaru
Qazlal
Ru
Sif Muna
Trog
Uskayaw
Vehumet
Xom
Yredelemnul
Zin
The Shining One


Innate Abilities, Weirdness & Mutations

You are very small and have problems with some larger weapons.
You are too small for most types of armour.
You have supernaturally acute eyesight. (SInv)
You are a herbivore.
((You cover ground extremely quickly.))
You need consume almost no food.


Message History

You cannot move.
You cannot move.
You cannot move.
Unknown command.
You cannot move.
You cannot move.
There is a lethal amount of poison in your body!
There is a lethal amount of poison in your body!
As you read the scroll labeled ASMUP TEUCYO, it crumbles to dust.
It is a scroll of amnesia.
You feel forgetful for a moment.
As you read the scroll labeled VUROT KEBAI, it crumbles to dust.
It is a scroll of recharging.
Charge which item? (? for menu, Esc to quit)
Your wand of disintegration glows for a moment.
As you read the scroll labeled XEFUBECUIJ, it crumbles to dust.
Dithmenos forgives your accidental fire-starting, just this once.
The air around you briefly surges with heat, but it dissipates.
It was a scroll of immolation.
You die...

.##..##...#.....#
≈≈# ≈
.##..##...####..#
≈≈# #≈
.....##...####..#
≈## ##
(###.##.........##
≈# #......#####..#
≈≈ ####.### ##.#
#...%.# #.#
#....†# #.#
#.....# #♣#
#.†...#
####†#########
#.....#
#.............
#######
#.......######
#.......#
#.......#
#.......#
#...[...#
#.......#


There were no monsters in sight!

Vanquished Creatures
  Terence (D:2)
  An orc wizard (D:4)
  2 worker ants (D:4)
  2 adders
  A dart slug (D:4)
  3 leopard geckos
  3 orcs (D:4)
  A ball python (D:3)
  10 bats
  A bat zombie (D:1)
  A giant cockroach (D:1)
  7 goblins
  5 hobgoblins
  4 jackals (D:1)
  7 kobolds
  2 quokkas
  A frilled lizard (D:1)
  A giant cockroach zombie (D:1)
  7 rats
60 creatures vanquished.

Notes
Turn   | Place    | Note
-------+----------+-------------------------------------------
     0 | D:1      | KingBobo974 the Spriggan Assassin began the quest for the Orb.
     0 | D:1      | Reached XP level 1. HP: 10/10 MP: 2/2
    81 | D:1      | Reached skill level 6 in Stealth
   119 | D:1      | Reached XP level 2. HP: 10/14 MP: 3/3
   937 | D:2      | Noticed Terence
   945 | D:2      | Killed Terence
   945 | D:2      | Reached XP level 3. HP: 17/18 MP: 4/4
  1216 | D:2      | Reached skill level 7 in Stealth
  1351 | D:2      | Reached XP level 4. HP: 22/22 MP: 5/5
  2719 | D:4      | Found a staircase to the Ecumenical Temple.
  2724 | Temple   | Entered the Ecumenical Temple
  2777 | Temple   | Became a worshipper of Dithmenos the Shadowed
  2876 | D:4      | Reached XP level 5. HP: 25/25 MP: 6/6
  2940 | D:4      | HP: 1/37 [poisoned by a worker ant]
  2943 | D:4      | Succumbed to a worker ant's poison

Skill      XL: |  1  2  3  4  5 |
---------------+----------------+-----
Stealth        | 6 7 |  7.6
Short Blades   | 3 4 |  4.1
Dodging        | 2 4 |  4.3
Fighting       | |  1.5
Throwing       | |  2.0

Action                   |  1- 3 |  4- 6 || total
-------------------------+-------+-------++-------
Melee: Dagger            |   144 |   129 ||   273
  Use: Scroll            |     6 |     5 ||    11
       Potion            |       |     5 ||     5
 Stab: Sleeping          |     7 |     8 ||    15
       Fleeing           |       |     1 ||     1
  Eat: Fruit             |       |     1 ||     1
Armor: Robe              |    26 |     7 ||    33
       Skin              |       |     3 ||     3
Dodge: Dodged            |   128 |    64 ||   192
Block: Buckler           |       |     5 ||     5
